 Dungeon Crawl Stone Soup version 0.23-a0-396-g5214e5f (webtiles) character file.

9 iamserjio the Ducker (level 2, -2/11 HPs)
             Began as a Felid Ice Elementalist on Nov 2, 2018.
             Slain by a gnoll
             ... wielding a +0 spear
              (7 damage)
             ... on level 1 of the Dungeon.
             The game lasted 00:01:15 (190 turns).

iamserjio the Ducker (Felid Ice Elementalist)        Turns: 190, Time: 00:01:16

Health: -2/11      AC:  1    Str:  4    XL:     2   Next: 6%
Magic:  4/6        EV: 18    Int: 16    God:
Gold:   11         SH:  0    Dex: 16    Spells: 4/5 levels left
                                        Lives:  0   Deaths: 0

rFire    . . .     SeeInvis +   (weapon unavailable)
rCold    . . .     Gourm    .   (shield unavailable)
rNeg     . . .     Faith    .   (armour unavailable)
rPois    .         Spirit   .   (helmet unavailable)
rElec    .         Reflect  .   (cloak unavailable)
rCorr    .         Harm     .   (gloves unavailable)
MR       .....                  (boots unavailable)
Stlth    +++.......             (no amulet)
HPRegen  0.03/turn              (no ring)
MPRegen  0.10/turn              (no ring)

@: quick
A: very small, no armour, no weapons or thrown items, stealth, claws 1, fangs 3,
see invisible, carnivore, speed 1, shaggy fur 1, slow metabolism 1, sharp paws
a: no special abilities


You were on level 1 of the Dungeon.
You were completely stuffed.

You visited 1 branch of the dungeon, and saw 1 of its levels.

You collected 11 gold pieces.

Inventory:

Scrolls
 a - a scroll of teleportation {unknown}
Comestibles
 b - a ration
 c - 2 chunks of flesh


   Skills:
 * Level 3.2 Dodging
 + Level 3.0 Stealth
 + Level 0.5 Unarmed Combat
 - Level 2.0 Spellcasting
   Level 0.8 Conjurations
 + Level 2.8 Ice Magic


You had 4 spell levels left.
You knew the following spells:

 Your Spells              Type           Power        Failure   Level  Hunger
a - Freeze                Ice            ##..         7%          1    #......

Your spell library contained the following spells:

 Spells                   Type           Power        Failure   Level  Hunger
 Throw Frost              Conj/Ice       #.....       14%         2    ###....
 Ozocubu's Armour         Chrm/Ice       #.......     34%         3    ###....
 Throw Icicle             Conj/Ice       #.......     67%         4    #####..
 Summon Ice Beast         Ice/Summ       #.......     75%         4    #####..


Dungeon Overview and Level Annotations

Branches:
Dungeon (1/15)

Altars:


Innate Abilities, Weirdness & Mutations

You cannot wear armour.
You are incapable of wielding weapons or throwing items.
Your paws allow you to move quietly. (Stealth)
You have sharp claws.
You have razor-sharp teeth.
You have supernaturally acute eyesight. (SInv)
You are carnivorous and can eat meat at any time.
You cover ground quickly.
You are covered in fur. (AC +1)
You have a slow metabolism.
Your sharp claws are effective at attacking unaware monsters.


Message History

A gnoll comes into view. It is wielding a +0 spear.
Found 3 scrolls labeled QEUS JOZETE.
A gnoll is nearby!
A gnoll is nearby!
A giant cockroach comes into view.
You pounce on the unaware helpless gnoll!
You claw the gnoll!
The giant cockroach waves its antennae.
The gnoll closely misses you.
Casting: Freeze (safe; 7% risk of failure)
Aiming: Freeze (safe; 7% risk of failure)
Aim: a gnoll, wielding a +0 spear (heavily wounded)
You freeze the gnoll. The gnoll hits you with a +0 spear.
Ouch! That really hurt!
Casting: Freeze (safe; 7% risk of failure)
Aiming: Freeze (safe; 7% risk of failure)
Aim: a gnoll, wielding a +0 spear (severely wounded)
You freeze the gnoll. The gnoll hits you with a +0 spear!
Ouch! That really hurt!
You die...

#.# ### #...
... #..# ..
#...#.# .....
#.#s# #g#.#
#.@.#..
#.###.# #.#
#.# ##.###.##
#.#
#..##>..###.#
#..#.....##.#
#...........##
#?##.........#
#.###....###.#


You could see a gnoll and a giant cockroach.

Vanquished Creatures
  A dart slug (D:1)
  2 ball pythons (D:1)
  2 goblins (D:1)
  A hobgoblin (D:1)
  A bat (D:1)
7 creatures vanquished.

Notes
Turn   | Place    | Note
-------+----------+-------------------------------------------
     0 | D:1      | iamserjio the Felid Ice Elementalist began the quest for
                  | the Orb.
     0 | D:1      | Reached XP level 1. HP: 7/7 MP: 4/4
   156 | D:1      | Reached XP level 2. HP: 11/11 MP: 6/6
   190 | D:1      | Slain by a gnoll

Vault maps used:
D:1:      matt_arrival_diagonals

Skill      XL: |  1 |
---------------+----+-----
Dodging        | 3 |  3.2
Stealth        | 3 |  3.0
Unarmed Combat | |  0.5
Spellcasting   | |  2.0
Conjurations   | |  0.8
Ice Magic      | |  2.8

Action                   || total
-------------------------++-------
Melee: Unarmed           ||     6
       Bite              ||     1
 Cast: Freeze            ||     8
 Stab: Sleeping          ||     5
  Eat: Chunk             ||     6
Dodge: Dodged            ||    10

Table legend:
 A = Non-vault XP
 B = Vault XP
 C = Vault XP percentage of total XP
 D = Non-vault monster count
 E = Vault monster count
 F = Vault count percentage of total count
                 A         B        C        D         E       F
            +---------+---------+-------+---------+---------+-------
      Total |      14 |       0 |   0.0 |       7 |       0 |   0.0
            +---------+---------+-------+---------+---------+-------
        D:1 |      14 |       0 |   0.0 |       7 |       0 |   0.0
            +---------+---------+-------+---------+---------+-------
